 Dungeon Crawl Stone Soup version 0.32-a0-818-gb728d0252e (console) character file.

Game seed: 17306181310763179555

895 jejorda2 the Poker (level 8, -7/100 HPs)
             Began as a Gnoll Berserker on Mar 24, 2024.
             Was a Priest of Trog.
             Mangled by a vampire mosquito (8 damage)
             ... on level 5 of the Dungeon.
             The game lasted 00:09:37 (4123 turns).

jejorda2 the Poker (Gnoll Berserker)                Turns: 4123, Time: 00:09:38

Health: -7/100     AC:  8    Str: 19    XL:     8   Next: 6%
Magic:  12/12      EV: 11    Int:  7    God:    Trog [***...]
Gold:   737        SH:  0    Dex: 17    Spells: 13/13 levels left

rFire   . . .        a - +0 spear (heavy)
rCold   . . .        (no shield)
rNeg    . . .        w - +0 scale mail
rPois   +            (no helmet)
rElec   .            h - +0 cloak
rCorr   .            (no gloves)
SInv    .            (no boots)
Will    .....        z - amulet of faith Stlth
                     e - ring of poison resistance
HPRegen 0.36/turn    l - +6 ring of dexterity
MPRegen 0.13/turn

%: faith
@: berserking, very quick
A: fangs 1, strong nose, distributed training
a: Renounce Religion, Berserk, Trog's Hand


You were on level 5 of the Dungeon.
You worshipped Trog.
Trog was most pleased with you.
You visited 1 branch of the dungeon, and saw 5 of its levels.

You collected 737 gold pieces.

Inventory:

Hand Weapons
 a - a +0 heavy spear (weapon)
Missiles
 n - 9 poisoned darts (quivered)
 v - a curare-tipped dart
 x - 2 javelins
Armour
 h - a +0 cloak (worn)
 w - a +0 scale mail (worn)
Jewellery
 e - a ring of poison resistance (left hand)
 i - a +6 ring of dexterity
 l - a +6 ring of dexterity (right hand)
 z - an amulet of faith (around neck)
Scrolls
 b - a scroll of silence
 d - 2 scrolls of brand weapon
 q - a scroll of amnesia
Potions
 c - a potion of heal wounds {unknown}
 f - a potion of mutation
 j - a potion of magic {unknown}
 k - 2 potions of might
 m - a potion of curing {unknown}
 o - 2 potions of haste {unknown}
 s - a potion of lignification {unknown}
 t - a potion of enlightenment {unknown}
 u - 2 potions of ambrosia


   Skills:
 + Level 7.2 Fighting
 + Level 3.0 Short Blades
 + Level 3.0 Long Blades
 + Level 3.0 Axes
 + Level 3.0 Maces & Flails
 + Level 7.2 Polearms
 + Level 3.0 Staves
 + Level 3.0 Ranged Weapons
 + Level 3.0 Throwing
 + Level 5.5 Armour
 + Level 5.5 Dodging
 + Level 3.0 Stealth
 + Level 3.0 Shields
 + Level 3.0 Unarmed Combat
 + Level 3.0 Spellcasting
 + Level 2.4 Conjurations
 + Level 2.4 Hexes
 + Level 2.4 Summonings
 + Level 2.4 Necromancy
 + Level 2.4 Translocations
 + Level 2.4 Fire Magic
 + Level 2.4 Ice Magic
 + Level 2.4 Air Magic
 + Level 2.4 Earth Magic
 + Level 2.4 Alchemy
 + Level 3.3 Invocations
 + Level 3.0 Evocations
 + Level 2.7 Shapeshifting


You had 13 spell levels left.
You didn't know any spells.
Your spell library was empty.

Dungeon Overview and Level Annotations

Branches:
Dungeon (5/15)             Temple (0/1) D:5

Altars:
Kikubaaqudgha
Makhleb
Okawaru
Wu Jian

Shops:
D:1 (   D:3 [


Innate Abilities, Weirdness & Mutations

You have very sharp teeth.
Your uncanny sense of smell can sniff out nearby items.
Your experience applies equally to all skills.


Message History

The vampire mosquito bites you but does no damage. x2
You miss the vampire mosquito.
The vampire mosquito is moderately damaged.
The vampire mosquito bites you but does no damage.
The vampire mosquito bites you!
* * * LOW HITPOINT WARNING * * *
The vampire mosquito draws strength from your injuries!
You hit the vampire mosquito.
The vampire mosquito is moderately damaged.
The vampire mosquito bites you but does no damage.
The vampire mosquito bites you!
* * * LOW HITPOINT WARNING * * *
The vampire mosquito draws strength from your injuries!
You miss the vampire mosquito.
You bite the vampire mosquito, but do no damage.
The vampire mosquito is lightly damaged.
The vampire mosquito barely misses you.
The vampire mosquito bites you but does no damage.
A red film seems to cover your vision as you go berserk!
You feel yourself moving faster!
You feel mighty!
The vampire mosquito completely misses you.
The vampire mosquito bites you.
* * * LOW HITPOINT WARNING * * *
The vampire mosquito draws strength from your injuries!
You completely miss the vampire mosquito.
The vampire mosquito barely misses you.
The vampire mosquito closely misses you.
You puncture the vampire mosquito! Your bite misses the vampire mosquito.
The vampire mosquito is heavily damaged.
The vampire mosquito closely misses you.
You hit the vampire mosquito.
The vampire mosquito is heavily damaged.
The vampire mosquito bites you!
* * * LOW HITPOINT WARNING * * *
The vampire mosquito draws strength from your injuries!
The vampire mosquito barely misses you.
You closely miss the vampire mosquito. Your bite misses the vampire mosquito.
The vampire mosquito is heavily damaged.
The vampire mosquito bites you!
You die...

#... ..#~##≈S≈##~=÷~[#.###.#####
#########~#≈S.≈≈#.~P.$#$.........
#......##~#~~?.÷#.P.P.#.###.#####
######.##~#:.P~$#.....#.###.#
.....#.##.#~P.PP# #..##.#
.###.#.##.#.....# ##(##.# .#
#.#.##.# ####..#.##.# .#
#.#.##.## +##~~~..##.##.#
.###.#.###~####.@y# ##..##.#
.........##~~...### #..#...#
####.#.#.######## ##.##.###
#.#.#........#####.....#
#............#....>.####
....####.###.##.###### # #.+# ###
#.##.# #. #.##.# #. #.##.#


You could see a vampire mosquito.

Vanquished Creatures
  An ogre (D:4)
  The ghost of redkitty the Firebug, an amateur DrFE (D:3)
  A phantom (D:4)
  A kobold brigand (D:4)
  A scorpion (D:5)
  A burial acolyte (D:5)
  A bombardier beetle (D:4)
  2 hounds
  2 orc priests (D:5)
  An iguana (D:5)
  3 orc wizards
  A hound zombie (D:5)
  4 gnolls (D:2)
  10 adders
  2 dart slugs (D:2)
  2 ribbon worms (D:3)
  6 orcs
  7 ball pythons
  2 bats
  4 endoplasms
  4 giant cockroaches
  7 goblins
  8 hobgoblins
  5 jackals
  6 kobolds
  4 quokkas
  5 frilled lizards
  A kobold zombie (D:5)
93 creatures vanquished.

Notes
Turn   | Place    | Note
-------+----------+-------------------------------------------
     0 | D:1      | jejorda2 the Gnoll Berserker began the quest for the Orb.
     0 | D:1      | Reached XP level 1. HP: 23/23 MP: 1/1
   165 | D:1      | Reached XP level 2. HP: 29/29 MP: 2/2
   166 | D:1      | You fall into a shaft and drop 1 floor!
   309 | D:2      | Reached XP level 3. HP: 23/35 MP: 2/4
   322 | D:2      | Reached skill level 1 in Invocations
   324 | D:2      | Reached skill level 1 in Short Blades
   324 | D:2      | Reached skill level 1 in Long Blades
   324 | D:2      | Reached skill level 1 in Axes
   324 | D:2      | Reached skill level 1 in Maces & Flails
   324 | D:2      | Reached skill level 1 in Staves
   324 | D:2      | Reached skill level 1 in Ranged Weapons
   324 | D:2      | Reached skill level 1 in Throwing
   324 | D:2      | Reached skill level 1 in Stealth
   324 | D:2      | Reached skill level 1 in Shields
   324 | D:2      | Reached skill level 1 in Unarmed Combat
   324 | D:2      | Reached skill level 1 in Spellcasting
   324 | D:2      | Reached skill level 1 in Evocations
   413 | D:2      | Reached skill level 1 in Shapeshifting
   413 | D:2      | Reached XP level 4. HP: 41/41 MP: 5/5
   547 | D:2      | Reached skill level 1 in Conjurations
   547 | D:2      | Reached skill level 1 in Hexes
   547 | D:2      | Reached skill level 1 in Summonings
   547 | D:2      | Reached skill level 1 in Necromancy
   547 | D:2      | Reached skill level 1 in Translocations
   547 | D:2      | Reached skill level 1 in Fire Magic
   547 | D:2      | Reached skill level 1 in Ice Magic
   547 | D:2      | Reached skill level 1 in Air Magic
   547 | D:2      | Reached skill level 1 in Earth Magic
   547 | D:2      | Reached skill level 1 in Alchemy
   734 | D:2      | Reached ** piety under Trog
   914 | D:1      | Found Faanut Igoit's Weapon Boutique.
  1606 | D:3      | Found an iron altar of Okawaru.
  1665 | D:3      | Found a burning altar of Makhleb.
  1711 | D:3      | Found Qubbal Keply's Armour Emporium.
  1776 | D:3      | Reached XP level 5. HP: 47/47 MP: 7/7
  1960 | D:3      | Found a runed translucent door.
  1962 | D:3      | Noticed redkitty's ghost (amateur DrFE)
  2458 | D:3      | Reached XP level 6. HP: 53/53 MP: 8/8
  2729 | D:3      | Killed redkitty's ghost
  2730 | D:3      | Reached skill level 5 in Armour
  2730 | D:3      | Reached skill level 5 in Dodging
  2857 | D:4      | Found an ornate altar of the Wu Jian Council.
  3043 | D:4      | Reached XP level 7. HP: 60/60 MP: 10/10
  3593 | D:5      | Entered Level 5 of the Dungeon
  3861 | D:5      | Reached *** piety under Trog
  3969 | D:5      | Identified a scroll of acquirement
  3969 | D:5      | Acquired 490 gold pieces
  3979 | D:5      | Found an ancient bone altar of Kikubaaqudgha.
  4034 | D:5      | Found a staircase to the Ecumenical Temple.
  4073 | D:5      | Reached XP level 8. HP: 59/67 MP: 12/12
  4122 | D:5      | HP: 1/100 [vampire mosquito (10)]
  4123 | D:5      | Mangled by a vampire mosquito

Illustrated notes

Levels and vault maps discovered:
D:1:      spicycebolla_arrival_ecumenical, layout_basic, serial_shops, shop,
          serial_bayou_pond_d
D:2:      layout_basic, kennysheep_generic_room_14
D:3:      minmay_razor_zed, layout_basic, lemuel_tele_altar,
          mainiacjoe_overflow_tiny_flanked, hellmonk_ghost_happy_afterlife,
          serial_shops, shop, serial_bayou_ford_a
D:4:      layout_basic, nicolae_overflow_crystal_walls
D:5:      cheibrodos_two_vegetables, layout_basic,
          regret_index_kikubaaqudgha_part_by_part,
          minmay_temple_entry_statues_pillars, gup_sewer_entry_bowl

Skill      XL: |  1  2  3  4  5  6  7 |
---------------+----------------------+-----
Invocations    | 1 2 3 |  3.3
Short Blades   | 1 2 3 |  3.0
Long Blades    | 1 2 3 |  3.0
Axes           | 1 2 3 |  3.0
Maces & Flails | 1 2 3 |  3.0
Staves         | 1 2 3 |  3.0
Ranged Weapons | 1 2 3 |  3.0
Throwing       | 1 2 3 |  3.0
Stealth        | 1 2 3 |  3.0
Shields        | 1 2 3 |  3.0
Unarmed Combat | 1 2 3 |  3.0
Spellcasting   | 1 2 3 |  3.0
Evocations     | 1 2 3 |  3.0
Shapeshifting  | 1 2 |  2.7
Conjurations   | 1 2 |  2.4
Hexes          | 1 2 |  2.4
Summonings     | 1 2 |  2.4
Necromancy     | 1 2 |  2.4
Translocations | 1 2 |  2.4
Fire Magic     | 1 2 |  2.4
Ice Magic      | 1 2 |  2.4
Air Magic      | 1 2 |  2.4
Earth Magic    | 1 2 |  2.4
Alchemy        | 1 2 |  2.4
Armour         | 5 |  5.5
Dodging        | 5 |  5.5
Fighting       | 7 |  7.2
Polearms       | 7 |  7.2

Action                     |  1- 3 |  4- 6 |  7- 9 || total
---------------------------+-------+-------+-------++-------
  Melee: Spear             |    67 |   229 |   139 ||   435
         Bite              |     1 |    16 |    19 ||    36
  Throw: Dart              |       |     3 |     5 ||     8
 Invoke: Berserk           |     1 |     3 |     1 ||     5
         Trog's Hand       |       |     2 |       ||     2
    Use: Scroll            |       |       |    11 ||    11
   Stab: Sleeping          |     1 |     9 |       ||    10
         Distracted        |       |     1 |       ||     1
 Armour: Animal skin       |    17 |    38 |       ||    55
         Leather armour    |       |    27 |       ||    27
         Scale mail        |       |       |    78 ||    78
  Dodge: Dodged            |    25 |    62 |    81 ||   168
  Block: Other             |       |    21 |     1 ||    22

Table legend: (Time is in decaauts)
 A = Elapsed time spent in this place.
 B = Non-inter-level travel time spent in this place.
 C = Inter-level travel time spent in this place.
 D = Time resting spent in this place.
 E = Time spent auto-exploring this place.
 F = Levels seen in this place.
 G = Mean time per level.
                   A        B        C        D        E       F      G
               +--------+--------+--------+--------+--------+-----+--------+
         Total |   4101 |   3881 |    220 |    101 |   2608 |   5 |  820.2 |
       Dungeon |   4101 |   3881 |    220 |    101 |   2608 |   5 |  820.2 |
               +--------+--------+--------+--------+--------+-----+--------+

Top non-repeatable levels by time:
     D:3: 1180 daAuts
     D:4: 813 daAuts
     D:2: 802 daAuts
     D:1: 761 daAuts
     D:5: 543 daAuts
